[Event "Late-Titled-Tuesday-Blitz-October-24-2023"]
[Site "Chess.com"]
[Date "2023.10.24"]
[Round "10"]
[White "igorkovalenko"]
[Black "Alex_Sahakyan2006"]
[Result "1-0"]
[WhiteElo "2959"]
[BlackElo "2784"]
[TimeControl "180+1"]
[EndTime "15:57:40 PDT"]
[Termination "igorkovalenko won by resignation"]

1. c4 Nf6 2. Nc3 e5 3. Nf3 e4 4. Ng5 c6 5. Ngxe4 Nxe4 6. Nxe4 d5 7. cxd5 cxd5 8. Ng3 h5 9. e3 h4 10. Ne2 Nc6 11. d4 Qf6 12. Nc3 Qg6 13. a3 Bd6 14.
h3 Bf5 15. Bd2 O-O 16. Qf3 Rfe8 17. Be2 Rad8 18. b4 a6 19. Rc1 Bb8 20. Qh5 Qxh5 21. Bxh5 Nxd4 22. Ne2 Nb3 23. Rc3 Nxd2 24. Kxd2 Be5 25.
Rc5 b6 26. Rc6 d4 27. Nxd4 Bxd4 28. exd4 Rxd4+ 29. Kc1 Be4 30. Rc3 Bxg2 31. Rg1 Bd5 32. Rd1 Rxd1+ 33. Kxd1 Re5 34. Be2 a5 35. bxa5 bxa5 36.
Kd2 Be6 37. Bf1 g5 38. Rd3 Kg7 39. Rd4 Rf5 40. Ke3 Rc5 41. f4 Rc3+ 42. Kf2 g4 43.
hxg4 Bxg4 44. f5 Bxf5 45. Rxh4 Rxa3 46. Rf4 Be6 47. Ke1 Ra2 48. Bd3 Kf8 49. Kd1 Ke7 50. Kc1 Kd6 51. Bc2 Ra3 52. Kb2 Re3 53. Ra4 Re5 54.
Kc3 Rc5+ 55. Kd2 Ke7 56. Rf4 f5 57. Rh4 Kf6 58. Rh6+ Ke5 59. Rh8 Rd5+ 60. Kc3 Rc5+ 61. Kd2 f4 62. Rh5+ Kd4 63. Rh4 Ke5 64. Rh5+ Kd6 65. Rh4 Rc4 66. Rh6 Rb4 67. Bf5 Ke5 68. Bxe6 Rb6 69. Rh5+ Kxe6 70. Rh6+ Ke5 71. Rxb6 Ke4 72.
Re6+ Kf5 73. Ra6 Ke4 74. Rxa5 Kf3 75. Rf5 1-0

[Event "Late-Titled-Tuesday-Blitz-October-24-2023"]
[Site "Chess.com"]
[Date "2023.10.24"]
[Round "10"]
[White "Nick12772"]
[Black "R2D2PTY"]
[Result "1-0"]
[WhiteElo "2379"]
[BlackElo "2289"]
[TimeControl "180+1"]
[EndTime "15:57:46 PDT"]
[Termination "Nick12772 won by resignation"]

1. Nf3 Nf6 2. g3 b5 3. Bg2 Bb7 4. O-O e6 5. d4 c5 6. Nc3 b4 7.
Nb1 cxd4 8. Nxd4 Bxg2 9. Kxg2 Be7 10. a3 Na6 11. axb4 Nxb4 12. c3 Nbd5 13. c4 Nb6 14. b3 O-O 15. Ba3 Bxa3 16. Nxa3 Qc7 17. Nab5 Qb7+ 18.
Kg1 Ne4 19. Nf3 a6 20. Nd6 Nxd6 21. Qxd6 Nc8 22. Qd3 Ne7 23. Qd6 Nf5 24. Qd3 Rfb8 25. Rfb1 a5 26. Nd4 Nxd4 27. Qxd4 h6 28. Qd3 Ra6 29. Ra3 Rb6 30. Rxa5 Rxb3 31. Rxb3 Qxb3 32. Qxb3 Rxb3 33. Ra8+ Kh7 34. Ra7 Rc3 35. Rxd7 Kg6 36. Rc7 Kf6 37. Kg2 g5 38. h3 Rc2 39. e3 Kg6 40. c5 f5 41. c6 h5 42. Rc8 Kf6 43.
c7 Ke5 44. Kf3 g4+ 45. hxg4 hxg4+ 46. Kg2 Ke4 47. Re8 Rxc7 48. Rxe6+ Kd5 49. Re8 Rf7 50. Kf1 Ra7 51. Kg2 Ra5 52. Rc8 Ke6 53. Rc1 Ra2 54. Re1 Rb2 55. e4 fxe4 56. Rxe4+ Kf5 57. Rf4+ Kg5 58. Kf1 Rb1+ 59. Ke2 Rb2+ 60. Kd3 Rb3+ 61. Kc2 Ra3 62. Rf8 Ra2+ 63. Kd3 Ra3+ 64.
Ke2 Ra2+ 65. Kf1 Ra1+ 66. Kg2 Ra2 67. Rg8+ Kf5 68. Rb8 Kg5 69. Rb5+ Kg6 70. Rc5 Rb2 71. Kf1 Ra2 72. Ke1 Rb2 73. Rd5 Ra2 74. Rd2 Ra1+ 75.
Ke2 Ra3 76. Rd3 Ra2+ 77. Ke3 Kg5 78. Rd5+ Kg6 79. Kf4 Ra4+ 80. Ke3 Ra3+ 81. Rd3 Ra4 82. Rd4 Ra3+ 83. Kf4 Rf3+ 84. Kxg4 Rxf2 85. Rd6+ Kg7 86.
Kg5 Ra2 87. Rd7+ Kg8 88. g4 Ra5+ 89. Kh6 Ra6+ 90. Kh5 Ra1 91. g5 Rh1+ 92. Kg6 Rf1 93. Rd8+ Rf8 94. Rxf8+ Kxf8 95. Kh7 1-0

[Event "Late-Titled-Tuesday-Blitz-October-24-2023"]
[Site "Chess.com"]
[Date "2023.10.24"]
[Round "10"]
[White "Nf3c5"]
[Black "Mikedannnn"]
[Result "1/2-1/2"]
[WhiteElo "2633"]
[BlackElo "2584"]
[TimeControl "180+1"]
[EndTime "15:57:55 PDT"]
[Termination "Game drawn - insufficient material"]

1. b3 Nf6 2. Bb2 g6 3. Bxf6 exf6 4. c4 Bg7 5. Nc3 O-O 6. g3 d6 7. Bg2 h5 8. e3 Re8 9. Nge2 h4 10. d4 h3 11. Bf3 f5 12. O-O a5 13. Qd3 Na6 14. a3 Rb8 15. Rab1 b6 16. b4 axb4 17. axb4 Bb7 18.
Nd5 c6 19. Ndc3 c5 20. Bxb7 Rxb7 21. Nd5 Nxb4 22. Nxb4 cxb4 23. Rxb4 Qa8 24. Nf4 Ra7 25.
Nd5 Ra3 26. Rb3 Rxb3 27. Qxb3 Rb8 28. Rb1 b5 29. cxb5 Bh6 30. b6 Qa6 31. b7 Qe2 32.
Nc7 f4 33. exf4 Bg7 34. Qe3 Qc4 35. Rc1 Qb4 36. Qf3 Bxd4 37. Nd5 Qxb7 38. Rd1 Qb2 39. Ne3 Rc8 40. Nf1 Rc1 41. Rxc1 Qxc1 42. Qe2 Qc5 43. Qf3 Qc2 44. g4 d5 45. f5 g5 46. f6 Qe4 47.
Qxe4 dxe4 48. Nd2 e3 49. Nf3 exf2+ 50. Kf1 Bxf6 51. Kxf2 Kg7 52. Kg3 Kg6 53. Kxh3 Be7 54. Kg2 f6 55. h3 Bd6 56. Nd4 Be5 57. Nf5 Kf7 58. Kf3 Ke6 59. Ke4 Bf4 60. Ng7+ Kf7 61. Nf5 Be5 62. Nd4 Ke7 63. Nf3 Bd6 64. Kf5 Kf7 65. Nd2 Be5 66. Ne4 Bb2 67. Nd6+ Ke7 68. Nc4 Bd4 69. Nd2 Bc3 70. Ne4 Ba1 71. Ng3 Be5 72. Nh5 Kf7 73. Ke4 Kg6 74. Kd5 Kf7 75. Ke4 Kg6 76. Kf3 f5 77. Ng3 Bxg3 78. Kxg3 f4+ 79. Kf3 Kf6 80. h4 gxh4 81. Kxf4 Kg6 82. g5 h3 83. Kg3 h2 84. Kxh2 Kxg5 1/2-1/2

[Event "Late-Titled-Tuesday-Blitz-October-24-2023"]
[Site "Chess.com"]
[Date "2023.10.24"]
[Round "10"]
[White "Krakozia"]
[Black "DanielNaroditsky"]
[Result "1/2-1/2"]
[WhiteElo "2950"]
[BlackElo "3189"]
[TimeControl "180+1"]
[EndTime "15:57:56 PDT"]
[Termination "Game drawn by 50-move rule"]

1. e4 Nf6 2. e5 Nd5 3. d4 d6 4. c4 Nb6 5. exd6 exd6 6. Nc3 Be7 7. Bd3 O-O 8. Nge2 Bg4 9. Qc2 h6 10. f3 Bh4+ 11. Ng3 Re8+ 12. Kf2 Be6 13. Ne2 Nc6 14. a3 d5 15. c5 Nd7 16. b4 a6 17.
Rd1 Bg5 18. Kg1 Bxc1 19. Qxc1 Qh4 20. Bc2 Nf6 21. Qf4 Qxf4 22. Nxf4 Bd7 23. Kf2 Nd8 24. a4 Ne6 25. Nfe2 g6 26. h4 h5 27. Nf1 Re7 28. Ne3 Rae8 29. Ra3 c6 30. g3 Kg7 31. Rd2 Kg8 32. Ng2 Kg7 33. Ra1 Kg8 34. Nef4 Nxf4 35. Nxf4 Kg7 36. Re2 Rxe2+ 37. Nxe2 Ng8 38. Nc3 Ne7 39.
Bd3 Nf5 40. Bxf5 Bxf5 41. Re1 Rxe1 42. Kxe1 f6 43. b5 axb5 44. axb5 Bd3 45. Kd2 Bc4 46.
b6 g5 47. Ke3 Kg6 48. Nd1 Kf5 49. Kd2 Ke6 50. Ne3 Bb5 51. Kc3 Be2 52. f4 gxf4 53. gxf4 f5 54. Kd2 Bb5 55. Nd1 Kf6 56. Nf2 Bc4 57. Nh3 Bf1 58. Ng5 Bg2 59. Ke3 Be4 60. Nh3 Bg2 61. Nf2 Be4 62. Nd1 Bc2 63. Nc3 Bb3 64. Ne2 Bc2 65. Ng3 Bd1 66. Kd2 Bf3 67. Ke3 Bg4 68. Nf1 Ke6 69. Nd2 Bd1 70. Nb1 Bc2 71.
Nc3 Bb3 72. Kd2 Bc4 73. Na4 Bb5 74. Nb2 Ba6 75. Nd1 Bb5 76. Nc3 Ba6 77. Na2 Bc4 78. Nb4 Bb5 79. Ke3 Kf6 80. Nc2 Ke6 81. Na3 Ba6 82. Nb1 Bb5 83. Nd2 Ba4 84. Nf3 Bb5 85.
Ne5 Kf6 86. Nd7+ Ke6 87. Ne5 Kf6 88. Kd2 Ke6 89. Kc3 Kf6 90. Kb4 Ke6 91. Ka5 Kf6 92. Nd7+ Ke6 93. Ne5 Kf6 94. Nf3 Ba6 95. Kb4 Bb5 96.
Nd2 Bd3 97. Nb3 Bc4 98. Na5 Ba6 99. Kc3 Ke6 100. Kd2 Kf6 101. Ke3 Ke6 102. Nb3 Bc4 103. Nd2 Bb5 1/2-1/2

[Event "Late-Titled-Tuesday-Blitz-October-24-2023"]
[Site "Chess.com"]
[Date "2023.10.24"]
[Round "10"]
[White "alexrustemov"]
[Black "GoltsevDmitry2000"]
[Result "1-0"]
[WhiteElo "2796"]
[BlackElo "2645"]
[TimeControl "180+1"]
[EndTime "15:57:58 PDT"]
[Termination "alexrustemov won on time"]

1. d4 Nf6 2. c4 e6 3. Nf3 Bb4+ 4. Bd2 Qe7 5. g3 b6 6. Bg2 Bb7 7.
O-O Bxd2 8. Qxd2 O-O 9. Nc3 d6 10. d5 Nbd7 11. e4 exd5 12. cxd5 Nxe4 13. Nxe4 Qxe4 14.
Nd4 Qg6 15. Nb5 a6 16. Nc3 Ne5 17. Rfe1 Rfe8 18. h3 Qd3 19. Red1 Qxd2 20. Rxd2 Re7 21. b3 Rae8 22. Rc1 f5 23. Ne2 g6 24. Nd4 Kf7 25. Ne6 Rc8 26. b4 b5 27. Rdc2 Nc4 28. a4 Kf6 29. axb5 axb5 30. Nd4 Nb6 31. Nxb5 Bxd5 32.
Nxc7 Bxg2 33. Kxg2 Kf7 34. Nb5 Rxc2 35. Rxc2 d5 36. Rc6 Re6 37. Rc7+ Re7 38. Kf3 Rxc7 39. Nxc7 Ke7 40. Kf4 Kd6 41. Ne8+ Kc6 42. Nf6 d4 43. Nxh7 Nd5+ 44. Kf3 Kb5 45. Nf8 Ne7 46. Ke2 Kxb4 47. Kd3 Kc5 48. Ne6+ Kd5 49. Nf4+ Ke5 50. h4 Kf6 51. Kxd4 Nc6+ 52. Ke3 Ne5 53. Nd5+ Ke6 54.
Nf4+ Kf6 55. f3 Nc4+ 56. Kd4 Ne5 57. Nd5+ Ke6 58. Nf4+ Kf6 59. Ke3 Nc4+ 60. Ke2 Ne5 61. Nd3 Nc6 62. Ke3 Ne7 63. Nf4 Nc6 64. Ne2 Ne5 65. Nc3 Nc4+ 66. Kd4 Nd2 67. Nd5+ Kg7 68. Ke3 Nc4+ 69. Kf4 Kh6 70. Ne7 Nb2 71. Nxf5+ gxf5 72. Kxf5 Nd3 73. Ke4 Nc5+ 74. Kf4 Nd3+ 75. Ke3 Ne5 76. g4 Ng6 77. h5 Ne5 78. Ke4 Nc4 79. f4 Nd6+ 80.
Ke5 Nc4+ 81. Kf6 Ne3 82. g5+ Kxh5 83. g6 Nd5+ 84. Kf7 Kh6 85. g7 Ne7 86. Kxe7 1-0

[Event "Late-Titled-Tuesday-Blitz-October-24-2023"]
[Site "Chess.com"]
[Date "2023.10.24"]
[Round "10"]
[White "jcibarra"]
[Black "chess94cu"]
[Result "1-0"]
[WhiteElo "2907"]
[BlackElo "2651"]
[TimeControl "180+1"]
[EndTime "15:58:03 PDT"]
[Termination "jcibarra won by checkmate"]

1. e4 c6 2. Nf3 d5 3. d3 Bg4 4. h3 Bxf3 5. Qxf3 e6 6. g3 Nd7 7. Bg2 Ngf6 8. O-O Bc5 9. c3 d4 10.
Nd2 dxc3 11. Nb3 Bb6 12. d4 cxb2 13. Bxb2 O-O 14. Rac1 Qe7 15. Rfd1 Rfd8 16. Nd2 e5 17. Ba3 Qe8 18. Nc4 Bxd4 19. Nd6 Qe6 20. Bf1 Nb6 21. Nf5 Rd7 22. h4 Rad8 23. Bh3 Qe8 24. Nh6+ Kh8 25. Bxd7 Rxd7 26. Nf5 Qe6 27. Nxd4 exd4 28. Bb2 Qxe4 29. Qxe4 Nxe4 30. Bxd4 Nd5 31. Bxa7 h5 32. Bd4 Kh7 33. a4 Kg6 34. Kg2 f6 35. Kf3 Nd6 36. Bc5 Nf5 37. a5 Nh6 38. Rb1 Ng4 39.
Rb3 Ne5+ 40. Ke2 Rd8 41. Ra1 Rd7 42. Rab1 Nc4 43. Ra1 Kf5 44. Ra4 Ne5 45. Kf1 g5 46.
hxg5 fxg5 47. Ra1 g4 48. Rab1 Nc4 49. Rxb7 Rxb7 50. Rxb7 Nxa5 51. Rh7 Kg6 52. Rd7 Kf5 53. Bd4 Nb3 54. Bb2 Nd2+ 55. Ke2 Ne4 56. Ba1 Kg6 57. Rg7+ Kf5 58. Rg8 Ndc3+ 59. Bxc3 Nxc3+ 60. Ke3 Nd5+ 61. Kd4 Nf6 62. Rc8 Nh7 63. Rxc6 Ng5 64. Rc5+ Kf6 65. Rc6+ Kf5 66. Rh6 Nf3+ 67. Ke3 Kg5 68. Ra6 h4 69. Ra5+ Kg6 70. gxh4 Nxh4 71.
Kf4 Nf3 72. Kxg4 Nh2+ 73. Kf4 Nf1 74. Ra2 Kh5 75. f3 Kh4 76. Rf2 Ng3 77. Rh2# 1-0

[Event "Late-Titled-Tuesday-Blitz-October-24-2023"]
[Site "Chess.com"]
[Date "2023.10.24"]
[Round "10"]
[White "Veleamater"]
[Black "TheMagician"]
[Result "0-1"]
[WhiteElo "2305"]
[BlackElo "2183"]
[TimeControl "180+1"]
[EndTime "15:58:46 PDT"]
[Termination "TheMagician won on time"]

1. g3 d5 2. Bg2 c6 3. d3 Bf5 4.
Nf3 h6 5. O-O e6 6. Nc3 Nf6 7.
h3 Be7 8. Ne5 Nbd7 9. Nxd7 Qxd7 10. e4 dxe4 11. dxe4 Qxd1 12. Rxd1 Bh7 13. f4 Bb4 14.
Re1 O-O-O 15. a3 Bxc3 16. bxc3 b6 17. g4 Kb7 18. Kf2 e5 19. f5 Nd7 20. Be3 f6 21. Bf1 Bg8 22. Kf3 Bf7 23. h4 b5 24. Bd3 Nb6 25.
Rg1 Nc4 26. Bxc4 Bxc4 27. a4 a6 28. axb5 cxb5 29. g5 hxg5 30. hxg5 Rh3+ 31. Kf2 Rh2+ 32. Rg2 Rxg2+ 33. Kxg2 Be2 34. Kf2 Rd1 35. Ra2 Bc4 36. Rb2 a5 37. Bc5 fxg5 38. Be3 a4 39. Bc5 Kc6 40.
Bb4 Rf1+ 41. Kg3 Rf4 42. Be7 Rxe4 43. Rb1 Rf4 44. Bxg5 Rxf5 45. Be3 a3 46. Rg1 g6 47. Kh4 Rh5+ 48. Kg4 Be6+ 49. Kf3 Bf5 50. Ra1 Rh3+ 51.
Kf2 Rh2+ 52. Kg3 Rxc2 53. Rxa3 Kd5 54. Ra5 Rxc3 55. Kf2 Ke4 56. Bd2 Rc2 57. Ke1 Kd3 58. Rxb5 Be4 59. Bg5 Re2+ 60. Kf1 Rg2 61. Rxe5 Rg4 62.
Kf2 Kd4 63. Ra5 Bd5 64. Be3+ Ke5 65. Ra7 Rg2+ 66. Kf1 Rc2 67. Re7+ Kf5 68. Bd4 Bf3 69. Rf7+ Ke4 70. Bf2 g5 71. Bg3 g4 72. Be1 Rh2 73.
Bg3 Rh3 74. Kf2 Rh8 75. Rf4+ Kd5 76. Rb4 Rc8 77. Ke3 Rc2 78. Bf2 Re2+ 79. Kf4 Rxf2 80. Rb5+ Kc4 81. Rg5 Ra2 82. Ke3 Re2+ 83. Kf4 Re8 84.
Kg3 Bd5 85. Rxg4+ Kd3 86. Rg7 Be4 87. Kf4 Kd4 88. Rd7+ Bd5 89. Ra7 Rf8+ 90. Kg5 Ke5 91. Ra5 Rg8+ 92. Kh6 Ke6 93. Ra6+ Kf5 94. Rb6 Rg1 95.
Kh7 Be6 96. Rb5+ Kf6 97. Rh5 Rg7+ 98. Kh6 Rg8 99. Kh7 Rc8 100. Rh6+ Kf7 101. Rh5 Rc7 102. Kh6 Kf6 0-1

[Event "Late-Titled-Tuesday-Blitz-October-24-2023"]
[Site "Chess.com"]
[Date "2023.10.24"]
[Round "10"]
[White "DefiantChair"]
[Black "JackRodgers"]
[Result "1/2-1/2"]
[WhiteElo "2690"]
[BlackElo "2546"]
[TimeControl "180+1"]
[EndTime "15:59:38 PDT"]
[Termination "Game drawn by repetition"]

1. e4 c5 2. Nf3 g6 3. d4 cxd4 4. Nxd4 Bg7 5. c4 Nc6 6. Be3 Nf6 7. Nc3 Ng4 8. Qxg4 Nxd4 9. Qd1 e5 10. Qd2 d6 11.
Bd3 Be6 12. O-O O-O 13. Rac1 a6 14. b3 Rc8 15. Ne2 Qd7 16. Nxd4 exd4 17. Bh6 Bxh6 18. Qxh6 f5 19. Qh4 b5 20. exf5 Bxf5 21. Qxd4 Bxd3 22. Qxd3 bxc4 23. Rxc4 a5 24. Rd4 Rc6 25. h3 Rf6 26. Qe4 Kg7 27. Rfd1 Qc7 28. R4d2 Rc1 29. Qe1 Rc5 30.
Rd4 Re5 31. Qd2 Ref5 32. Rxd6 Rxd6 33. Qxd6 Qc2 34. Qd7+ Kh6 35. Qd2+ Qxd2 36. Rxd2 Rc5 37. g3 Kg5 38. Kg2 h5 39. Rd4 Kf5 40. a3 Rc3 41. Rd5+ Kf6 42. Rb5 Kg7 43. a4 Kh6 44. h4 Kg7 45.
Kf1 Rc1+ 46. Ke2 Rb1 47. Kd3 Rb2 48. f3 Rg2 49. Rxa5 Rxg3 50. Rg5 Rxf3+ 51. Kc4 Rf4+ 52. Kb5 Rxh4 53. a5 Rg4 54. Rc5 Rg3 55. b4 Ra3 56.
Kb6 h4 57. a6 h3 58. Rc1 g5 59. Kb7 Kh6 60. a7 g4 61. b5 g3 62. Rh1 h2 63. b6 Kg5 64. a8=Q Rxa8 65. Kxa8 g2 66.
Rxh2 g1=Q 67. b7 Qa1+ 68. Kb8 Qe5+ 69. Ka7 Qa5+ 70. Kb8 Qe5+ 71. Ka7 Qc5+ 72. Kb8 Kf6 73. Rh7 Ke6 74. Rc7 Qf8+ 75. Rc8 Qd6+ 76. Ka7 Qa3+ 77. Kb6 Qb4+ 78. Kc7 Qc5+ 79. Kb8 Qb4 80. Rc6+ Kd7 81.
Rc7+ Kd6 82. Kc8 Qg4+ 83. Kb8 Qf4 84. Ka8 Qa4+ 85. Kb8 Qa5 86. Rc8 Qb6 87. Rc1 Kd7 88. Rd1+ Kc6 89. Rc1+ Kd7 90. Ka8 Qa6+ 91. Kb8 Qd6+ 92.
Ka7 Qa3+ 93. Kb6 Qb2+ 94. Ka7 Qa3+ 95. Kb6 Qd6+ 96. Ka7 Qd4+ 97. Ka8 Qa4+ 98. Kb8 Qf4+ 99. Ka7 Qa4+ 100. Kb8 Kd6 101. Rb1 Qe8+ 102. Ka7 Qa4+ 103. Kb6 Qc6+ 104. Ka5 Qc7+ 105. Rb6+ Kd7 106. b8=Q Qc3+ 107. Rb4 Qa3+ 108. Kb5 Qd3+ 109. Ka4 Qc2+ 110. Rb3 Qa2+ 111. Kb4 Qd2+ 112. Ka3 Qc1+ 113. Rb2 Qa1+ 114. Kb3 Qd1+ 115. Ka2 Qa4+ 116. Kb1 Qd1+ 117. Ka2 Qa4+ 118. Kb1 Qd1+ 119. Ka2 1/2-1/2

[Event "Late-Titled-Tuesday-Blitz-October-24-2023"]
[Site "Chess.com"]
[Date "2023.10.24"]
[Round "11"]
[White "topin8"]
[Black "Balla_Tamas"]
[Result "1-0"]
[WhiteElo "2465"]
[BlackElo "2337"]
[TimeControl "180+1"]
[EndTime "16:01:49 PDT"]
[Termination "topin8 won by resignation"]

1. Nf3 c5 2. g3 Nc6 3. Bg2 g6 4. O-O Bg7 5. c4 e6 6. Nc3 Nge7 7. Rb1 d5 8. cxd5 exd5 9. d3 O-O 10. Bd2 Be6 11. a3 Qd7 12. b4 cxb4 13. axb4 Bh3 14. b5 Nd4 15. Bxh3 Nxf3+ 16. Kg2 Qxh3+ 17. Kxh3 1-0

[Event "Late-Titled-Tuesday-Blitz-October-24-2023"]
[Site "Chess.com"]
[Date "2023.10.24"]
[Round "11"]
[White "Sanyura"]
[Black "Roedor"]
[Result "1-0"]
[WhiteElo "2615"]
[BlackElo "2446"]
[TimeControl "180+1"]
[EndTime "16:02:42 PDT"]
[Termination "Sanyura won by resignation"]

1. Nf3 Nf6 2. g3 g6 3. Bg2 Bg7 4. O-O O-O 5. d3 d5 6. Nbd2 Nc6 7. e4 e5 8. exd5 Nxd5 9. Nc4 Re8 10. Re1 h6 11. c3 Bf5 12. a4 a5 13. Nh4 Be6 14.
Nf3 Bf5 15. h3 f6 16. Nh4 Nde7 17. Nxf5 Nxf5 18. Qb3 Kh7 19. Qxb7 Nce7 20. Qxa8 Qxa8 21. Bxa8 Rxa8 22. d4 Nc6 23. dxe5 fxe5 24. Be3 Rb8 25. Rad1 Nxe3 26. Rxe3 1-0

[Event "Late-Titled-Tuesday-Blitz-October-24-2023"]
[Site "Chess.com"]
[Date "2023.10.24"]
[Round "11"]
[White "iJueles"]
[Black "PapaieDudu"]
[Result "1-0"]
[WhiteElo "2475"]
[BlackElo "2336"]
[TimeControl "180+1"]
[EndTime "16:04:15 PDT"]
[Termination "iJueles won by resignation"]

1. c4 e6 2. Nc3 d5 3. cxd5 exd5 4. d4 Nf6 5. Bg5 Be7 6. e3 Nbd7 7. Bd3 O-O 8. Qc2 Re8 9. Nge2 h6 10. Bh4 Nf8 11. O-O-O Ne6 12. Kb1 c6 13. Rhg1 b5 14. g4 a5 15. g5 hxg5 16. Bxg5 Nxg5 17. Rxg5 Ne4 18. Rg2 f5 19. Rdg1 Bf6 20. Nf4 a4 21. Nh5 Ra7 22. Ne2 b4 23. Bxe4 fxe4 24. Qxc6 Re6 25.
Qc5 Ra5 26. Nxf6+ Kh8 27. Rxg7 Rxf6 28. Rg8+ Qxg8 29. Rxg8+ Kxg8 30. Qxa5 Ba6 31. Qxd5+ Kg7 32. Nf4 Rh6 33. Qg5+ Kh7 34. Qe7+ Kh8 35. Qf8+ Kh7 36.
Qf7+ Kh8 37. Ng6+ Rxg6 38. Qxg6 Bd3+ 39. Kc1 b3 40. axb3 axb3 41. Kd2 Bc2 42. Qc6 Bd3 43. Qc3 Bc4 44. Qxc4 Kg7 45. Qxb3 Kf6 46. Qd5 Kg6 47. b4 Kg7 48. b5 Kf6 49. b6 Kg7 50. b7 Kf8 51. b8=Q+ 1-0

[Event "Late-Titled-Tuesday-Blitz-October-24-2023"]
[Site "Chess.com"]
[Date "2023.10.24"]
[Round "11"]
[White "Chempiblinka"]
[Black "whiteglovethief"]
[Result "1-0"]
[WhiteElo "2354"]
[BlackElo "2501"]
[TimeControl "180+1"]
[EndTime "16:04:28 PDT"]
[Termination "Chempiblinka won by resignation"]

1. Nf3 d5 2. g3 c6 3. c4 Nf6 4. Bg2 g6 5. O-O dxc4 6. Na3 b5 7.
Ne5 Nd5 8. d4 cxd3 9. Qxd3 Bg7 10.
Nxc6 Nxc6 11. Bxd5 Nb4 12. Qxb5+ Bd7 13. Qxb4 Rb8 14. Qh4 O-O 15. Bb3 Bb5 16. Nxb5 Rxb5 17. Bg5 Qb6 18. Bxe7 Re8 19. Rac1 Rh5 20. Qb4 Qa6 21.
Bc4 Qc8 22. Bxf7+ 1-0

[Event "Late-Titled-Tuesday-Blitz-October-24-2023"]
[Site "Chess.com"]
[Date "2023.10.24"]
[Round "11"]
[White "ContrVersia"]
[Black "mishanick"]
[Result "0-1"]
[WhiteElo "2871"]
[BlackElo "3052"]
[TimeControl "180+1"]
[EndTime "16:04:31 PDT"]
[Termination "mishanick won by resignation"]

1. Nf3 d5 2. c4 e6 3. b3 d4 4. e3 c5 5. exd4 cxd4 6. g3 Nc6 7. Bg2 Bd6 8. O-O Nf6 9. d3 O-O 10. Bg5 h6 11. Bxf6 Qxf6 12. Nbd2 Qe7 13. Re1 f5 14. Qc1 Ba3 15. Qc2 Qd6 16. h4 Bd7 17. Nh2 Kh8 18.
Re2 e5 19. Rae1 Rae8 20. Bd5 Nb4 21. Qb1 Nxd5 22. cxd5 Qxd5 23. Nc4 Bc6 24. f3 Bd6 25. Nxd6 Qxd6 26. Kg2 e4 27. dxe4 fxe4 28. fxe4 d3 29. Re3 d2 30. Rd1 Rxe4 31. Rxe4 Qe6 0-1

[Event "Late-Titled-Tuesday-Blitz-October-24-2023"]
[Site "Chess.com"]
[Date "2023.10.24"]
[Round "11"]
[White "Jospem"]
[Black "dropstoneDP"]
[Result "1/2-1/2"]
[WhiteElo "3100"]
[BlackElo "3107"]
[TimeControl "180+1"]
[EndTime "16:04:38 PDT"]
[Termination "Game drawn by repetition"]

1. e4 e5 2. Nf3 Nf6 3. Nc3 Nc6 4.
Bb5 Nd4 5. Bc4 Bc5 6. d3 d6 7. h3 c6 8. Nxd4 Bxd4 9. Bb3 a5 10. a4 h6 11. Be3 Bxe3 12. fxe3 Be6 13. Bxe6 fxe6 14.
O-O O-O 15. Qe2 d5 16. Kh2 Qb6 17. Rab1 Qb4 18. exd5 exd5 19. Qe1 Rae8 20. b3 Rf7 21. Ne2 Qc5 22. Qd2 Ref8 23. Kg1 Nh5 24. Rxf7 Rxf7 25. Rf1 Rxf1+ 26. Kxf1 Kf7 27. g4 Nf6 28. Ng3 g6 29. Kg2 Kg7 30. Qf2 Qe7 31. e4 dxe4 32. Nxe4 Nxe4 33. dxe4 Qb4 34. Qe3 b5 35. axb5 cxb5 36.
Qa7+ Kf6 37. Qb6+ Kf7 38. Qc7+ Kf6 39. Qb6+ Kf7 40. Qc7+ Kf6 41. Qb6+ 1/2-1/2

[Event "Late-Titled-Tuesday-Blitz-October-24-2023"]
[Site "Chess.com"]
[Date "2023.10.24"]
[Round "11"]
[White "FM_Kappeler"]
[Black "Yushko_Olga"]
[Result "1-0"]
[WhiteElo "2282"]
[BlackElo "2136"]
[TimeControl "180+1"]
[EndTime "16:05:10 PDT"]
[Termination "FM_Kappeler won by resignation"]

1. d4 e6 2. c4 f5 3. Nf3 Nf6 4. g3 d6 5. Bg2 Be7 6. O-O O-O 7. Nc3 Qe8 8. b3 Nc6 9. Bb2 Bd7 10. Qc2 Qg6 11.
d5 Nb4 12. Qd2 e5 13. Nb5 Na6 14. Rac1 Ne4 15. Qa5 Bd8 16. Qe1 c6 17. dxc6 bxc6 18. Nc3 Nac5 19. Nxe4 Nxe4 20. Nd2 Nxd2 21. Qxd2 Be7 22.
Rfd1 Rad8 23. Qa5 f4 24. Qxa7 h5 25. Qc7 h4 26. gxh4 Bh3 27. Qxc6 d5 28. Qxg6 1-0

[Event "Late-Titled-Tuesday-Blitz-October-24-2023"]
[Site "Chess.com"]
[Date "2023.10.24"]
[Round "11"]
[White "effefe"]
[Black "ural58"]
[Result "0-1"]
[WhiteElo "2342"]
[BlackElo "2512"]
[TimeControl "180+1"]
[EndTime "16:05:24 PDT"]
[Termination "ural58 won on time"]

1. d4 d5 2. c4 e5 3. cxd5 Qxd5 4. e3 exd4 5. exd4 Nc6 6. Nf3 Bg4 7. Be3 Bxf3 8.
Qxf3 Qxf3 9. gxf3 O-O-O 10. Bc4 Nxd4 11. Bxd4 Rxd4 12. Bxf7 Bb4+ 13. Nc3 Bxc3+ 14. bxc3 Rf4 15. Be6+ Kb8 16. Rg1 Nf6 17. Rxg7 Re8 18. O-O-O Rxf3 19. Re7 Rh8 20. Rd2 a6 21. Kb2 Ne4 22. Rdd7 Rxf2+ 23. Ka3 Nxc3 24. Bc4 Rc8 25. Rxh7 b5 26. Bb3 Kb7 27. Rd3 Nb1+ 28. Kb4 Kb6 29. Rh6+ c6 30. Be6 Rb2+ 0-1

[Event "Late-Titled-Tuesday-Blitz-October-24-2023"]
[Site "Chess.com"]
[Date "2023.10.24"]
[Round "11"]
[White "KVAIDAN"]
[Black "nitpicker"]
[Result "0-1"]
[WhiteElo "2416"]
[BlackElo "2291"]
[TimeControl "180+1"]
[EndTime "16:05:26 PDT"]
[Termination "nitpicker won by checkmate"]

1. f4 Nf6 2. Nf3 c5 3. d3 d6 4. e4 g6 5. Be2 Nc6 6. O-O Bg7 7. Qe1 O-O 8. Qh4 e6 9. Nc3 Rb8 10. f5 exf5 11. Bg5 h6 12. Bxh6 Bxh6 13. Qxh6 Ng4 14. Qh3 fxe4 15. Nxe4 Nf2 16. Qh6 Nxe4 17. dxe4 Qf6 18.
Bc4 Qg7 19. Qh4 Ne5 20. Bd5 Be6 21. Ng5 Bxd5 22. exd5 b5 23. Rae1 Rbe8 24. Rf4 Nc4 25.
Ref1 f6 26. Ra1 fxg5 27. Rxf8+ Rxf8 28. Qxg5 Qd4+ 29. Kh1 Qf6 30. Qg3 Qf1+ 31. Rxf1 Rxf1# 0-1

[Event "Late-Titled-Tuesday-Blitz-October-24-2023"]
[Site "Chess.com"]
[Date "2023.10.24"]
[Round "11"]
[White "MajorCoast"]
[Black "acertijo08"]
[Result "0-1"]
[WhiteElo "2243"]
[BlackElo "2363"]
[TimeControl "180+1"]
[EndTime "16:05:26 PDT"]
[Termination "acertijo08 won by checkmate"]

1. d4 Nf6 2. c3 e6 3. Bf4 d5 4. e3 c5 5. Nd2 Nc6 6. Bd3 Bd6 7.
Bg3 O-O 8. Ngf3 b6 9. e4 Be7 10. e5 Nh5 11. Ng5 Bxg5 12. Qxh5 g6 13. Qg4 cxd4 14.
h4 Bxd2+ 15. Kxd2 dxc3+ 16. bxc3 f5 17. Qf4 d4 18. c4 Qe7 19. Qh6 Qb4+ 20. Ke2 Qb2+ 21.
Qd2 Qxd2+ 22. Kxd2 Bb7 23. f4 Nb4 24. h5 Bxg2 25.
Rhg1 Be4 26. Bxe4 fxe4 27. hxg6 e3+ 28. Ke2 hxg6 29. Bh4 Rxf4 30. Be1 Nc2 31. Rc1 Nxe1 32. Rcxe1 Rf2+ 33. Kd3 Rd2+ 34. Ke4 Kg7 35. Rg3 Rh8 36. Reg1 Rh4+ 37. Kf3 Rf2# 0-1

[Event "Late-Titled-Tuesday-Blitz-October-24-2023"]
[Site "Chess.com"]
[Date "2023.10.24"]
[Round "11"]
[White "DanielNaroditsky"]
[Black "eljanov"]
[Result "1-0"]
[WhiteElo "3191"]
[BlackElo "2838"]
[TimeControl "180+1"]
[EndTime "16:05:28 PDT"]
[Termination "DanielNaroditsky won by resignation"]

1. d4 d5 2. Nc3 Nf6 3. Bf4 e6 4. Nb5 Na6 5. e3 Be7 6. Nf3 Nh5 7. Be5 f6 8. Bg3 O-O 9. c4 c6 10. Nc3 g6 11. Be2 Nxg3 12. hxg3 Nc7 13. Qc2 b6 14. Bd3 Qe8 15. Nh4 f5 16. Nf3 Bf6 17. Ne2 Ba6 18.
Nf4 Rc8 19. Rc1 c5 20. cxd5 Bxd3 21. Qxd3 cxd4 22. d6 Nd5 23. Rxc8 Qxc8 24. O-O Nxf4 25. gxf4 Rd8 26. exd4 Rxd6 27. Qe3 Qd7 28. Rd1 Rd5 29.
g3 Kg7 30. Kg2 a5 31. b3 a4 32. Rc1 axb3 33. axb3 Bxd4 34. Nxd4 Rxd4 35. Qe5+ Kf7 36. Rc7 1-0

[Event "Late-Titled-Tuesday-Blitz-October-24-2023"]
[Site "Chess.com"]
[Date "2023.10.24"]
[Round "11"]
[White "DvaHrasta"]
[Black "zivicd"]
[Result "1-0"]
[WhiteElo "2501"]
[BlackElo "2241"]
[TimeControl "180+1"]
[EndTime "16:05:30 PDT"]
[Termination "DvaHrasta won by resignation"]

1. c4 Nf6 2. g3 e5 3. Bg2 d5 4. cxd5 Nxd5 5. Nf3 Nc6 6. O-O Be7 7. d4 e4 8. Ne5 Nxe5 9. dxe5 f5 10. exf6 Nxf6 11.
Qb3 c6 12. Nc3 Qb6 13. Qxb6 axb6 14. Nxe4 Nxe4 15. Bxe4 Bh3 16. Rd1 O-O 17. Be3 Bf6 18. Rd2 Rae8 19. Bf3 b5 20. Rad1 Ra8 21. a3 Ra4 22. Bc5 Re8 23. Bg2 Bf5 24. h3 Rc4 25. b4 Be6 26. e4 h5 27. f4 Bc3 28. Rd6 Bf7 29. Rd7 Bb2 30. Rxb7 Bxa3 31. Rdd7 Bxb4 1-0